 Dungeon Crawl Stone Soup version 0.26-a0-455-g0958c023ba (webtiles) character file.

Game seed: 2815662143940843395

35 tilp the Sneak (level 3, -4/16 HPs)
             Began as a Spriggan Enchanter on July 29, 2020.
             Killed by nerve-wracking pain
             ... invoked by Jessica
              (10 damage)
             ... on level 2 of the Dungeon.
             The game lasted 00:03:40 (1586 turns).

tilp the Sneak (Spriggan Enchanter)                 Turns: 1586, Time: 00:03:41

Health: -4/16      AC:  2    Str:  4    XL:     3   Next: 16%
Magic:  6/8        EV: 18    Int: 17    God:
Gold:   13         SH:  0    Dex: 16    Spells: 2/8 levels left

rFire    . . .     SeeInvis +   a - +1 dagger
rCold    . . .     Faith    .   (shield restricted)
rNeg     . . .     Spirit   .   b - +0 robe
rPois    .         Reflect  .   (helmet restricted)
rElec    .         Harm     .   (no cloak)
rCorr    .                      (gloves unavailable)
MR       .....                  (boots unavailable)
Stlth    +++.......             (no amulet)
HPRegen  0.05/turn              (no ring)
MPRegen  0.11/turn              (no ring)

@: very quick
A: very small, unfitting armour, see invisible, speed 3
a: no special abilities


You were on level 2 of the Dungeon.
You visited 1 branch of the dungeon, and saw 2 of its levels.

You collected 13 gold pieces.

Inventory:

Hand Weapons
 a - a +1 dagger (weapon)
Missiles
 d - 78 stones (quivered)
 i - 15 poisoned darts
Armour
 b - a +0 robe (worn)
 f - a +0 buckler
Jewellery
 c - a +6 ring of intelligence {unknown}
 e - an uncursed ring of resist corrosion {unknown}
Scrolls
 h - 2 scrolls of identify
Potions
 j - 2 potions of mutation


   Skills:
 + Level 2.0 Short Blades
 - Level 3.0 Dodging
 + Level 5.2 Stealth
 * Level 0.3 Shields
 + Level 3.3 Spellcasting
 - Level 3.6 Hexes


You had 2 spell levels left.
You knew the following spells:

 Your Spells              Type           Power        Failure   Level
a - Corona                Hex            ###....      3%          1
b - Ensorcelled Hibernat  Hex/Ice        #.....       12%         2
c - Confusing Touch       Hex            ###.....     12%         3

Your spell library contained the following spells:

 Spells                   Type           Power        Failure   Level
 Tukima's Dance           Hex            ###.....     12%         3
 Dazzling Flash           Conj/Hex       #.....       24%         3


Dungeon Overview and Level Annotations

Branches:
Dungeon (2/15)

Altars:
Wu Jian

Annotations:
D:2 Jessica


Innate Abilities, Weirdness & Mutations

You are very small and have problems with some larger weapons.
You are too small for most types of armour.
You have supernaturally acute eyesight. (SInv)
You cover ground extremely quickly.


Message History

Confirm with . or Enter, or press ? or * to list all spells.
Okay, then.
The jackal bites you.
Casting: Ensorcelled Hibernation (safe; 12% risk of failure)
Confirm with . or Enter, or press ? or * to list all spells.
Aiming: Ensorcelled Hibernation (safe; 12% risk of failure)
Press: ? - help, Shift-Dir - straight line, f - jackal
Aim: a jackal (lightly wounded, chance to defeat MR: 57%)
The jackal looks drowsy...
The helpless jackal fails to defend itself.
You impale the jackal!!
You kill the jackal!
Jessica gestures at you while chanting. Pain shoots through your body!
Ouch! That really hurt!
* * * LOW HITPOINT WARNING * * *
Jessica points at you and mumbles some strange words.
Pain shoots through your body!
Ouch! That really hurt!
You die...

####.#
...#[####@...#
_......@†###.#
....#...## .
#...# #...#
#.... ..###
###


You could see Jessica.

Vanquished Creatures
  2 dart slugs (D:1)
  2 leopard geckos (D:1)
  A giant cockroach (D:1)
  3 hobgoblins (D:1)
  2 jackals (D:2)
  6 kobolds (D:1)
  6 bats (D:1)
  2 frilled lizards (D:1)
  4 rats (D:1)
28 creatures vanquished.

Notes
Turn   | Place    | Note
-------+----------+-------------------------------------------
     0 | D:1      | tilp the Spriggan Enchanter began the quest for the Orb.
     0 | D:1      | Reached XP level 1. HP: 9/9 MP: 5/5
   230 | D:1      | Reached XP level 2. HP: 12/13 MP: 5/7
   240 | D:1      | Learned a level 2 spell: Ensorcelled Hibernation
   460 | D:1      | Reached skill level 5 in Stealth
  1071 | D:1      | Reached XP level 3. HP: 16/16 MP: 8/8
  1551 | D:1      | Learned a level 3 spell: Confusing Touch
  1576 | D:2      | Noticed Jessica
  1579 | D:2      | Found an ornate altar of the Wu Jian Council.
  1586 | D:2      | Killed from afar by Jessica

Illustrated notes

Levels and vault maps discovered:
D:1:      minmay_arrival_up_and_down, layout_basic, st_stairs_3,
          minmay_hedge_maze, minmay_fountain_box
D:2:      layout_loops_cross, lemuel_doored_altar,
          nicolae_overflow_crystal_walls, uniq_jessica

Skill      XL: |  1  2 |
---------------+-------+-----
Spellcasting   | 3 |  3.3
Stealth        | 5 |  5.2
Short Blades   | 2 |  2.0
Dodging        | |  3.0
Shields        | |  0.3
Hexes          | |  3.6

Action                   || total
-------------------------++-------
Melee: Dagger            ||    90
 Cast: Corona            ||    11
       Ensorcelled Hiber ||    22
  Use: Scroll            ||     2
 Stab: Sleeping          ||    17
Armor: Robe              ||     8
Dodge: Dodged            ||    91

Table legend: (Time is in decaauts)
 A = Elapsed time spent in this place.
 B = Non-inter-level travel time spent in this place.
 C = Inter-level travel time spent in this place.
 D = Time resting spent in this place.
 E = Time spent auto-exploring this place.
 F = Levels seen in this place.
 G = Mean time per level.
                   A        B        C        D        E       F      G
               +--------+--------+--------+--------+--------+-----+--------+
         Total |   1211 |   1189 |     22 |    402 |    489 |   2 |  605.5 |
       Dungeon |   1211 |   1189 |     22 |    402 |    489 |   2 |  605.5 |
               +--------+--------+--------+--------+--------+-----+--------+

Top non-repeatable levels by time:
     D:1: 1203 daAuts
     D:2: 7 daAuts
